 Dungeon Crawl Stone Soup version 0.29-a0-284-gf9362112df (webtiles) character file.

Game seed: 4665612768833401362

40 spaghetti the Ducker (level 3, -1/26 HPs)
             Began as an Octopode Berserker on Mar 20, 2022.
             Was a Follower of Trog.
             Slain by a kobold
             ... wielding a +0 dagger
              (4 damage)
             ... on level 2 of the Dungeon.
             The game lasted 00:01:45 (1349 turns).

spaghetti the Ducker (Octopode Berserker)           Turns: 1349, Time: 00:01:46

Health: -1/26      AC:  1    Str: 16    XL:     3   Next: 50%
Magic:  3/3        EV: 14    Int:  9    God:    Trog [*.....]
Gold:   47         SH:  0    Dex: 13    Spells: 2/2 levels left

rFire   . . .      SeeInvis .   a - +0 falchion {long}
rCold   . . .      Faith    .   (no shield)
rNeg    . . .      Spirit   .   (helmet restricted)
rPois   .          Reflect  .   (no amulet)
rElec   .          Harm     .   (no ring)
rCorr   .          Rampage  .   (no ring)
Will    .....                   (no ring)
Stlth   ++........              (no ring)
HPRegen 0.08/turn               (no ring)
MPRegen 0.08/turn               (no ring)
                                (no ring)
                                (no ring)

@: no status effects
A: almost no armour, amphibious, 8 rings, camouflage 1, gelatinous body 1,
(nimble swimmer 1), tentacles
a: Renounce Religion, Berserk


You were on level 2 of the Dungeon.
You worshipped Trog.
Trog was aware of your devotion.
You visited 1 branch of the dungeon, and saw 2 of its levels.

You collected 47 gold pieces.


Innate Abilities, Weirdness & Mutations

You cannot wear most types of armour.
You are amphibious.
You can wear up to eight rings at the same time.
Your skin changes colour to match your surroundings (Stealth+).
Your rubbery body absorbs attacks. (AC +1, EV +1)
((You are camouflaged when in or above water. (Stealth+)))
You have tentacles for arms and can constrict up to eight enemies at once.


   Skills:
 - Level 3.0 Fighting
 - Level 3.0 Long Blades
 + Level 4.4 Dodging


You had 2 spell levels left.
You didn't know any spells.
Your spell library contained the following spells:

 Spells                   Type           Power      Damage    Failure   Level
 Slow                     Hex            0%         N/A       38%         1
 Confusing Touch          Hex            0%         N/A       77%         3
 Vampiric Draining        Necr           0%         2d6       77%         3

Inventory:

Hand Weapons
 a - a +0 falchion (weapon) {long}
Missiles
 c - 41 stones (quivered) {throwing}
Potions
 b - 2 potions of brilliance
 d - a potion of cancellation {unknown}
 e - a potion of resistance {unknown}
 g - a potion of attraction {!q}
 h - a potion of curing {unknown}

Dungeon Overview and Level Annotations

Branches:
Dungeon (2/15)

Altars:

Shops:
D:2

[ ######.### #.##
####†..#[...##...#
#...........(..#
#.##...#.###(#...#
#.######.#(..# .^#
#.# #.#...###.#.#
#.# ##...#......#
#.# #.###...#...#
#.# #. #K@?# .#
###.# . #)###
##.#.# . ....
#....###. ......
.....)...........+
#....###.........#
##.#.# .......##
#.#.# #.....#
....#


You could see a kobold.


Message History

The helpless hobgoblin fails to defend itself.
You hit the hobgoblin. Your grab misses the hobgoblin.
You squeeze the hobgoblin.
You kill the hobgoblin!
Trog accepts your kill.
A bat comes into view.
A bat is nearby!
The helpless bat fails to defend itself.
You slash the bat!
You kill the bat!
Trog accepts your kill.
An endoplasm comes into view.
An endoplasm is nearby!
An endoplasm is nearby!
An endoplasm is nearby!
You throw a stone {throwing}.
The stone {throwing} hits the endoplasm but does no damage.
You throw a stone {throwing}.
The stone {throwing} barely misses the endoplasm.
You throw a stone {throwing}.
The stone {throwing} hits the endoplasm.
You throw a stone {throwing}.
The stone {throwing} hits the endoplasm but does no damage.
You throw a stone {throwing}.
The stone {throwing} hits the endoplasm.
You barely miss the endoplasm. You squeeze the endoplasm.
You kill the endoplasm!
Trog accepts your kill.
No target in view!
No target in view!
No target in view!
No target in view!
No target in view!
No target in view!
No target in view!
c - 39 stones {throwing} (gained 1)
c - 40 stones {throwing} (gained 1)
c - 41 stones {throwing} (gained 1)
b - 2 potions of brilliance (gained 1)
A kobold comes into view. It is wielding a +0 dagger.
A kobold is nearby!
A kobold is nearby!
No target in range!
No target in range!
No target in range!
No target in range!
No target in range!
No target in range!
No target in range!
You see here a stone {throwing}.
A quokka comes into view.
The kobold shouts!
You hear a shout!
You hear an angry hiss.
A goblin comes into view. It is wielding a +0 club.
The kobold barely misses you. The quokka attacks as you move away!
The quokka bites you.
A frilled lizard comes into view.
The kobold hits you with a +0 dagger. 😕 HP[-5]
You take 5 damage, and now have 21/26 hp.
You hit the kobold but do no damage. Your grab misses the kobold.
The quokka bites you. The goblin hits you with a +0 club.
The kobold closely misses you.
The quokka bites you but does no damage. 😮 HP[-6]
You take 6 damage, and now have 15/26 hp.
MASSIVE DAMAGE!! (PAUSE)
You are too injured to fight recklessly!
You are too injured to fight recklessly!
You are too injured to fight recklessly!
You closely miss the quokka. Your grab misses the quokka.
Your squeeze misses the quokka. The goblin hits you but does no damage.
The quokka closely misses you. The kobold misses you.
You hit the quokka. You grab the quokka. You constrict the quokka.
The quokka closely misses you. The goblin barely misses you.
The kobold hits you with a +0 dagger. 😮 HP[-1]
You take 1 damage, and now have 14/26 hp.
You hit the quokka. You constrict the quokka.
You kill the quokka!
Trog accepts your kill. The kobold hits you with a +0 dagger.
* * * LOW HITPOINT WARNING * * *
The goblin hits you with a +0 club.
* * * LOW HITPOINT WARNING * * *
😱 HP[-8]
You take 8 damage, and now have 6/26 hp.
MASSIVE DAMAGE!! (PAUSE)
You closely miss the goblin. Your grab misses the goblin.
You squeeze the goblin.
You kill the goblin!
Trog accepts your kill. The kobold hits you with a +0 dagger.
* * * LOW HITPOINT WARNING * * *
😱 HP[-3]
You take 3 damage, and now have 3/26 hp.
You hit the frilled lizard.
You kill the frilled lizard!
Trog accepts your kill. The kobold closely misses you.
The kobold hits you with a +0 dagger.
You die...

Skill      XL: |  1  2 |
---------------+-------+-----
Dodging        | 4 |  4.4
Fighting       | |  3.0
Long Blades    | |  3.0

Action                   || total
-------------------------++-------
Melee: Falchion          ||    44
       Constrict         ||    10
       Tentacles         ||     6
       Punch             ||     1
Throw: Stone             ||     7
  Use: Scroll            ||     3
       Potion            ||     5
 Stab: Sleeping          ||     5
       Distracted        ||     1
Armor: Skin              ||     5
Dodge: Dodged            ||    28

Levels and vault maps discovered:
D:1:      minmay_arrival_doors, layout_loops_ring
D:2:      layout_loops_corners, serial_shops, shop, minmay_pentomino_v4

Notes
Turn   | Place    | Note
-------+----------+-------------------------------------------
     0 | D:1      | spaghetti the Octopode Berserker began the quest for the
                  | Orb.
     0 | D:1      | Reached XP level 1. HP: 16/16 MP: 1/1
     0 | D:1      | magus.rc [v1.9.6]
   367 | D:1      | Reached XP level 2. HP: 21/21 MP: 2/2
   516 | D:2      | You pick up a book of Debilitation {forbidden} and begin
                  | reading...
   516 | D:2      | You add the spells Slow, Vampiric Draining and Confusing
                  | Touch to your library.
   706 | D:2      | Found Vacoliwep's Antique Armour Shoppe.
   750 | D:2      | Reached skill level 4 in Dodging
   787 | D:2      | Reached XP level 3. HP: 17/26 MP: 3/3
  1347 | D:2      | HP: 6/26 [goblin/+0 club (5)]
  1349 | D:2      | Slain by a kobold

Vanquished Creatures
  2 adders (D:2)
  A worm (D:2)
  A dart slug (D:1)
  2 endoplasms
  A giant cockroach (D:2)
  A goblin (D:2)
  2 hobgoblins (D:2)
  2 kobolds
  A quokka (D:2)
  3 bats
  3 frilled lizards
  A rat (D:1)
20 creatures vanquished.

Table legend:
 A = Non-vault XP
 B = Vault XP
 C = Vault XP percentage of total XP
 D = Non-vault monster count
 E = Vault monster count
 F = Vault count percentage of total count
                 A         B        C        D         E       F
            +---------+---------+-------+---------+---------+-------
      Total |      55 |       4 |   6.8 |      18 |       2 |  10.0
            +---------+---------+-------+---------+---------+-------
        D:1 |      12 |       0 |   0.0 |       7 |       0 |   0.0
        D:2 |      43 |       4 |   8.5 |      11 |       2 |  15.4
            +---------+---------+-------+---------+---------+-------

Illustrated notes

Table legend:
 A = Kills in this place as a percentage of kills in entire the game.
 B = Kills by you in this place as a percentage of kills by you in the entire game.
 C = Kills by friends in this place as a percentage of kills by friends in the entire game.
 D = Other kills in this place as a percentage of other kills in the entire game.
 E = Experience gained in this place as a percentage of experience gained in the entire game.
 F = Experience gained in this place divided by the number of levels of this place that you have seen.
                   A       B       C       D       E      F
               +-------+-------+-------+-------+-------+----------------------
         Total | 100.0 | 100.0 |   N/A |   N/A | 100.0 |  29.5
       Dungeon | 100.0 | 100.0 |   N/A |   N/A | 100.0 |  29.5
               +-------+-------+-------+-------+-------+----------------------

Table legend: (Time is in decaauts)
 A = Elapsed time spent in this place.
 B = Non-inter-level travel time spent in this place.
 C = Inter-level travel time spent in this place.
 D = Time resting spent in this place.
 E = Time spent auto-exploring this place.
 F = Levels seen in this place.
 G = Mean time per level.
                   A        B        C        D        E       F      G
               +--------+--------+--------+--------+--------+-----+--------+
         Total |   1337 |   1337 |      0 |    369 |    782 |   2 |  668.5 |
       Dungeon |   1337 |   1337 |      0 |    369 |    782 |   2 |  668.5 |
               +--------+--------+--------+--------+--------+-----+--------+

Top non-repeatable levels by time:
     D:2: 825 daAuts
     D:1: 511 daAuts
